 Dungeon Crawl Stone Soup version 0.30-b1-2-g02819fbbbe (webtiles) character file.

Game seed: 10019229693567164245

4661 GalCiv the Cleaver (level 10, -1/91 HPs)
             Began as a Hill Orc Fighter on Sept 4, 2023.
             Was a Believer of Okawaru.
             Slain by a troll (4 damage)
             ... on level 9 of the Dungeon on Sept 8, 2023.
             The game lasted 00:21:28 (7936 turns).

GalCiv the Cleaver (Hill Orc Fighter)               Turns: 7936, Time: 00:21:28

Health: -1/91      AC: 22    Str: 24    XL:     10   Next: 43%
Magic:  8/10       EV:  8    Int:  8    God:    Okawaru [**....]
Gold:   51         SH:  6    Dex: 10    Spells: 9/9 levels left

rFire   + . .        a - +0 war axe
rCold   . . .        c - +0 buckler
rNeg    + . .        I - +0 plate armour
rPois   .            G - +2 hat
rElec   .            j - +0 cloak
rCorr   .            m - +1 pair of gloves
SInv    .            e - +0 pair of boots
Will    .....        b - amulet of regeneration Stlth
                     p - ring of protection from fire
HPRegen 1.15/turn    A - ring of positive energy
MPRegen 0.12/turn

%: no passive effects
@: heroic
A: no striking features
a: Renounce Religion, Heroism


You were on level 9 of the Dungeon.
You worshipped Okawaru.
Okawaru was pleased with you.
You visited 2 branches of the dungeon, and saw 10 of its levels.

You collected 411 gold pieces.
You spent 360 gold pieces at shops.

Inventory:

Hand Weapons
 a - a +0 war axe (weapon)
Missiles
 H - a throwing net (quivered)
Armour
 c - a +0 buckler (worn)
 e - a +0 pair of boots (worn)
 j - a +0 cloak (worn)
 m - a +1 pair of gloves (worn)
 C - a +0 helmet
 E - a +0 tower shield
 G - a +2 hat (worn)
 I - a +0 plate armour (worn)
Jewellery
 b - an amulet of regeneration (around neck)
 p - a ring of protection from fire (left hand)
 A - a ring of positive energy (right hand)
 F - a ring of flight
Wands
 d - a wand of digging (1)
 v - a wand of iceblast (9)
Scrolls
 g - a scroll of silence {unknown}
 i - 3 scrolls of vulnerability {unknown}
 l - 2 scrolls of blinking {unknown}
 q - 2 scrolls of teleportation
 u - 3 scrolls of identify {unknown}
 w - 2 scrolls of fear {unknown}
 x - 2 scrolls of noise {unknown}
 y - 2 scrolls of magic mapping {unknown}
 z - a scroll of amnesia {unknown}
Potions
 f - 5 potions of lignification {unknown}
 h - a potion of heal wounds {unknown}
 k - 2 potions of invisibility {unknown}
 n - 2 potions of resistance {unknown}
 o - 7 potions of curing {unknown}
 r - 2 potions of might
 s - 2 potions of ambrosia {unknown}
 t - a potion of brilliance {unknown}
 B - a potion of attraction {unknown}


   Skills:
 * Level 9.2(14.2) Fighting
 * Level 14.9(19.9) Axes
 + Level 6.8(11.8) Armour
 + Level 4.9(9.9) Shields
 + Level 1.0 Invocations


You had 9 spell levels left.
You didn't know any spells.
Your spell library contained the following spells:

 Spells                   Type           Power      Damage    Failure   Level
 Freeze                   Ice            0%         1d3       99%         1
 Blink                    Tloc           0%         N/A       100%        2
 Lesser Beckoning         Tloc           0%         N/A       100%        2
 Momentum Strike          Conj/Tloc      0%         3d8       100%        2
 Frozen Ramparts          Ice            0%         1d1       100%        3
 Hailstorm                Conj/Ice       0%         3d3       100%        3
 Fireball                 Conj/Fire      0%         3d3       100%        5
 Iskenderun's Battlesphe  Conj           0%         2d6       100%        5
 Conjure Ball Lightning   Conj/Air       0%         3x3d6     100%        6
 Orb of Destruction       Conj           0%         9d5       100%        7


Dungeon Overview and Level Annotations

Branches:
Dungeon (9/15)             Temple (1/1) D:7            Lair (0/5) D:9
    Orc: D:9-12

Altars:
Ashenzari
Cheibriados
Dithmenos
Elyvilon
Fedhas
Gozag
Hepliaklqana
Kikubaaqudgha
Makhleb
Nemelex Xobeh
Okawaru
Qazlal
Ru
Sif Muna
Trog
Uskayaw
Vehumet
Wu Jian
Yredelemnul
Zin
The Shining One

Shops:
D:3 *   D:8 =


Message History

You miss the electric eel.
The electric eel is severely wounded.
You slash the troll!
The electric eel shoots out a bolt of lightning at you!
The bolt of electricity hits you! The bolt of electricity hits you.
* * * LOW HITPOINT WARNING * * *
The bolt of electricity hits the electric eel.
The electric eel completely resists.
The troll completely misses you. The troll claws you!
* * * LOW HITPOINT WARNING * * *
The troll claws you.
* * * LOW HITPOINT WARNING * * *
You hit the electric eel but do no damage.
The electric eel is severely wounded.
You hit the troll. The troll bites you but does no damage. The troll claws you.
* * * LOW HITPOINT WARNING * * *
You block the troll's attack.
You gain the combat prowess of a mighty hero.
You block the troll's attack. The troll barely misses you.
You block the troll's attack.
You slash the electric eel!
You kill the electric eel!
Okawaru accepts your kill.
You hear a splash.
You hit the troll. The troll completely misses you.
The troll barely misses you. x2
You enter the shallow water.
Moving in this stuff is going to be slow.
The troll closely misses you. The troll completely misses you.
The troll claws you but does no damage.
You see here an electric eel corpse.
The troll bites you!
* * * LOW HITPOINT WARNING * * *
The troll barely misses you. The troll claws you but does no damage.
The troll barely misses you. You block the troll's attack.
The troll claws you but does no damage. The troll bites you.
* * * LOW HITPOINT WARNING * * *
The troll barely misses you. The troll claws you.
You die...

###..#.........?..~.........
#....#...#.........~~..~~~~~
#.......#####....≈~≈≈~≈≈≈~≈~
#......)..####..~~~≈≈≈≈≈~~.~
####.#.......###.÷÷..~~≈≈...~.
#..#.#...##.....÷.~~~~~~~.~...
.<......##....#.............>.
........##....##.T†≈≈≈~~~.....
##.....###......@.≈≈≈≈≈≈≈~~..≈.≈
##....##...........~≈≈~.≈≈≈≈~~~≈≈
#....................~.~~≈≈≈≈≈≈≈~
.....##........#..~.~..~≈≈≈≈≈≈≈≈~
.....##.......(...~...~..≈≈≈S≈≈~.
...####....##.##..........~~≈≈~~.
...# #........##..##.............
...# #............# ...#<....##..
...###............. #.........


You could see a troll.

Vanquished Creatures
  The ghost of PaleRider the Transmogrifier, a novice OpTm of Gozag (D:8)
  Sigmund (D:2)
  Eustachio (D:5)
  3 yaks (D:9)
  A human (D:3)
  A steam dragon (D:9)
  A water moccasin (D:5)
  A black bear (D:7)
  An ice beast (D:6)
  3 orc warriors
  A sky beast (D:6)
  3 wolves (D:9)
  4 centaurs
  A kobold brigand (D:7)
  4 bullfrogs
  4 scorpions
  6 wights
  5 electric eels (D:9)
  2 hounds
  2 jellies
  3 orc priests
  A gnoll bouda (D:7)
  Ijyb (D:4)
  3 iguanas
  2 sleepcaps
  9 orc wizards
  5 adders
  4 gnolls (D:7)
  A shadow imp (D:5)
  An ufetubus (D:6)
  A worm (D:2)
  4 dart slugs
  36 orcs
  7 endoplasms
  4 giant cockroaches
  9 goblins
  10 hobgoblins
  4 jackals
  14 kobolds
  5 quokkas
  15 ball pythons
  8 bats
  2 frilled lizards
  A kobold zombie (D:3)
  9 rats
205 creatures vanquished.

Notes
Turn   | Place    | Note
-------+----------+-------------------------------------------
     0 | D:1      | GalCiv the Hill Orc Fighter began the quest for the Orb.
     0 | D:1      | Reached XP level 1. HP: 19/19 MP: 1/1
   133 | D:1      | Reached XP level 2. HP: 27/27 MP: 2/2
   164 | D:1      | Reached skill level 3 in Axes
   463 | D:1      | Found a faded altar of an unknown god.
   567 | D:1      | Reached XP level 3. HP: 28/33 MP: 3/3
   777 | D:1      | Reached skill level 4 in Axes
  1087 | D:2      | Reached XP level 4. HP: 37/41 MP: 4/4
  1469 | D:2      | Noticed Sigmund
  1483 | D:2      | Killed Sigmund
  1484 | D:2      | Reached skill level 6 in Axes
  1484 | D:2      | Reached XP level 5. HP: 38/47 MP: 5/5
  1484 | D:2      | Reached XP level 6. HP: 44/55 MP: 6/6
  1592 | D:3      | Found Xossewai's General Store.
  1697 | D:3      | Reached skill level 5 in Fighting
  1852 | D:3      | Found a broken altar of Ashenzari.
  1868 | D:3      | Reached skill level 7 in Axes
  2187 | D:3      | Noticed a human
  2294 | D:3      | Found a runed translucent door.
  2299 | D:3      | Found a basalt altar of Yredelemnul.
  2330 | D:3      | Killed a human
  2331 | D:3      | Reached skill level 8 in Axes
  2331 | D:3      | Reached XP level 7. HP: 61/61 MP: 7/7
  2426 | D:3      | Found a sparkling altar of Nemelex Xobeh.
  2474 | D:4      | Noticed Ijyb
  2505 | D:4      | Killed Ijyb
  3069 | D:5      | Entered Level 5 of the Dungeon
  3124 | D:5      | Reached skill level 9 in Axes
  3375 | D:5      | Noticed Eustachio
  3403 | D:5      | Killed Eustachio
  3404 | D:5      | Reached XP level 8. HP: 32/70 MP: 8/8
  3595 | D:5      | Found a bloodstained altar of Trog.
  3607 | D:5      | Reached skill level 10 in Axes
  4027 | D:5      | Found a sacrificial altar of Ru.
  4397 | D:5      | Found a hazy altar of Hepliaklqana.
  4612 | D:6      | Reached skill level 5 in Armour
  4696 | D:6      | Reached skill level 11 in Axes
  5195 | D:6      | Reached XP level 9. HP: 77/79 MP: 9/9
  5324 | D:7      | Found a staircase to the Ecumenical Temple.
  5330 | Temple   | Entered the Ecumenical Temple
  5476 | Temple   | Became a worshipper of Warmaster Okawaru
  5895 | D:7      | Reached skill level 12 in Axes
  6401 | D:7      | Reached * piety under Okawaru
  6875 | D:8      | Found a runed translucent door.
  6876 | D:8      | Noticed PaleRider's ghost (novice OpTm)
  6891 | D:8      | Killed PaleRider's ghost
  6892 | D:8      | Reached skill level 13 in Axes
  7091 | D:8      | Found Egrom's Jewellery Boutique.
  7107 | D:8      | Bought an amulet of regeneration for 360 gold pieces
  7301 | D:8      | Reached XP level 10. HP: 90/90 MP: 10/10
  7307 | D:8      | Reached skill level 14 in Axes
  7488 | D:9      | Reached ** piety under Okawaru
  7702 | D:9      | Reached skill level 1 in Invocations
  7756 | D:9      | Found a staircase to the Lair.
  7934 | D:9      | HP: 3/91 [troll (13)]
  7936 | D:9      | Slain by a troll

Illustrated notes

Levels and vault maps discovered:
D:1:      dpeg_arrival_subterranean_lakeside_camping, layout_basic,
          hellmonk_ecumenical_altar_heavens_door, minmay_misc_feat_room
D:2:      layout_rooms, uniq_sigmund
D:3:      layout_basic, ashenzari_conservatory_becter, dk_yredelemnul_ordeal,
          mainiacjoe_overflow_alcove_1, serial_curves, eino_curves_01,
          eino_curves_03, serial_shops, shop, kennysheep_generic_room_7
D:4:      layout_rooms, uniq_ijyb
D:5:      layout_basic, mainiacjoe_overflow_catch_the_wave, marbit_many_paths,
          uniq_eustachio
D:6:      layout_basic
D:7:      nicolae_cairo_tiling_very_big, layout_gridville,
          minmay_temple_entry_gardened_gates
D:8:      layout_loops_corners, serial_shops, shop,
          ebering_ghost_reflecting_pool
D:9:      layout_cave_pools, erik_lair_island, minivault_25
Temple:   nicolae_temple_superstar

Skill      XL: |  1  2  3  4  5  6  7  8  9 10 |
---------------+-------------------------------+-----
Fighting       | 4 5 6 7 8 9 |  9.2
Axes           | 3 4 6 8 9 11 13 14 | 14.9
Armour         | 4 5 6 |  6.8
Shields        | 4 |  4.9
Invocations    | 1 |  1.0

Action                     |  1- 3 |  4- 6 |  7- 9 | 10-12 || total
---------------------------+-------+-------+-------+-------++-------
  Melee: War axe           |   109 |   124 |   374 |   100 ||   707
 Invoke: Heroism           |       |       |     1 |     2 ||     3
    Use: Potion            |       |     1 |       |       ||     1
         Scroll            |       |       |     1 |       ||     1
 Armour: Scale mail        |    46 |    69 |   136 |       ||   251
         Chain mail        |       |       |    23 |    46 ||    69
         Plate armour      |       |       |       |    34 ||    34
  Dodge: Dodged            |    56 |    64 |   140 |    52 ||   312
  Block: Buckler           |    20 |    27 |    67 |    30 ||   144
